St-Louis Blues vs Buffalo Sabres

Created - dimanche 17 mars 2019 at 19:00

Goals
1 2 3 OT1 T
St-Louis Blues 0 2 0 1 3
Buffalo Sabres 1 0 1 0 2
Shots
1 2 3 OT1 T
St-Louis Blues 7 18 6 1 32
Buffalo Sabres 6 12 15 0 33

1st period

1. Buffalo Sabres , Ryan Nugent-Hopkins 26 (Barclay Goodrow 9) at 11:03

Penalties :
Robert Bortuzzo (STL) for High sticking (Minor) at 13:10

2nd period

2. St-Louis Blues , Patrik Berglund 16 (Alex Pietrangelo 31, Paul LaDue 8) at 4:54
3. St-Louis Blues , Jaden Schwartz 33 (Dmitrij Jaskin 9) at 11:49 (SH)

Penalties :
Chris Stewart (STL) for High sticking (Minor) at 10:51

3rd period

4. Buffalo Sabres , Scott Wilson 5 (Tyler Myers 7, Rasmus Ristolainen 26) at 2:52

Penalties :
Justin Bailey (BUF) for Tripping (Minor) at 0:21, Paul LaDue (STL) for Tripping (Minor) at 7:05, Paul LaDue (STL) for Hooking (Minor) at 15:02

Overtime #1

5. St-Louis Blues , Nikita Soshnikov 8 (Alex Pietrangelo 32, Vladimir Sobotka 22) at 1:23

Penalties :
No Penalty

Goalie Stats

Alex Stalock (STL), 31 saves from 33 shots - (0.939), W, 12-5-2, 61:23 minutes
Chad Johnson (BUF), 29 saves from 32 shots - (0.906), OTL, 1-4-3, 61:23 minutes

Players Stats for St-Louis Blues

Player Name              G  A  P  +/- PIM S  H  SB GA TA FO     MP     PP MP  PK MP  
------------------------------------------------------------------------------------
Alex Pietrangelo         0  2  2   1  0   3  0  1  0  0  0/0    19:33   1:03   0:47 
Carl Gunnarsson          0  0  0   0  0   0  1  2  1  0  0/0    21:31   0:56   4:24 
Chris Stewart            0  0  0  -1  2   1  1  0  0  0  1/1    13:03   0:00   3:07 
Dmitrij Jaskin           0  1  1   2  0   0  2  0  0  0  0/0    14:42   0:00   2:08 
J.T. Compher             0  0  0   1  0   6  0  0  1  0  2/2    14:27   0:00   0:00 
Jacob Josefson           0  0  0  -1  0   1  1  0  0  0  8/16   14:22   0:00   4:50 
Jaden Schwartz           1  0  1   0  0   4  0  0  1  1  2/3    19:40   1:08   3:26 
Jamie Oleksiak           0  0  0   1  0   2  2  1  0  0  0/0    24:46   0:00   3:42 
Kyle Brodziak            0  0  0   0  0   0  0  1  0  2  2/7    14:18   0:51   1:04 
Nikita Soshnikov         1  0  1   2  0   2  7  0  0  0  1/1    15:28   0:51   0:00 
Patrik Berglund          1  0  1   1  0   5  4  1  2  0  12/15  15:03   1:08   0:00 
Paul LaDue               0  1  1   0  4   2  4  2  0  0  0/0    22:21   0:56   0:00 
Paul Stastny             0  0  0  -1  0   1  2  0  0  0  11/16  16:15   1:08   0:00 
Robert Bortuzzo          0  0  0   0  2   0  0  1  0  1  0/0    15:34   0:00   2:45 
Sammy Blais              0  0  0  -1  0   1  0  0  0  0  0/0     9:01   0:00   0:00 
Scottie Upshall          0  0  0   0  0   2  6  1  0  0  0/0    11:34   0:00   0:00 
Vince Dunn               0  0  0  -1  0   1  0  2  1  0  0/0    16:52   1:03   3:59 
Vladimir Sobotka         0  1  1  -1  0   1  5  0  1  0  1/1    17:39   0:51   1:32 

Players Stats for Buffalo Sabres

Player Name              G  A  P  +/- PIM S  H  SB GA TA FO     MP     PP MP  PK MP  
------------------------------------------------------------------------------------
Barclay Goodrow          0  1  1   2  0   2  3  0  0  0  6/13   11:35   0:18   0:00 
Casey Nelson             0  0  0   0  0   0  0  1  0  0  0/0    13:52   0:00   0:00 
Curtis Lazar             0  0  0   2  0   1  1  0  0  0  0/0    10:54   0:18   0:00 
Dmitry Kulikov           0  0  0   0  0   0  0  0  0  0  0/0    13:54   0:00   0:00 
Evan Rodrigues           0  0  0  -2  0   3  0  0  0  0  7/13   20:24   4:06   1:04 
Jake McCabe              0  0  0   0  0   1  1  0  0  1  0/0    19:48   3:26   0:41 
Jason Pominville         0  0  0  -1  0   1  0  0  0  0  0/1    15:52   0:08   0:00 
Justin Bailey            0  0  0  -1  2   1  1  0  0  0  0/0    14:10   0:00   0:00 
Justin Falk              0  0  0   0  0   0  0  0  0  0  0/0     0:38   0:00   0:00 
Marco Scandella          0  0  0   0  0   0  2  0  0  0  0/0    19:48   3:26   0:41 
Marcus Foligno           0  0  0  -3  0   6  2  1  1  1  0/0    20:12   4:06   1:04 
Nicolas Deslauriers      0  0  0   0  0   1  1  0  0  2  1/2    12:53   0:00   0:00 
Rasmus Ristolainen       0  1  1   0  0   2  1  1  0  1  0/0    27:12   4:30   1:18 
Ryan Nugent-Hopkins      1  0  1   1  0   6  4  1  1  1  0/1    24:07   3:42   0:55 
Ryan Reaves              0  0  0   0  0   0  3  1  0  0  4/15   16:03   3:32   0:00 
Scott Wilson             1  0  1   1  0   3  2  0  0  0  1/7    16:33   3:32   0:00 
Tyler Myers              0  1  1  -1  0   3  1  2  1  1  0/0    26:21   4:30   1:18 
Zemgus Girgensons        0  0  0  -1  0   3  1  0  1  0  3/10   17:53   4:06   0:55 

3 Stars

1 - Nikita Soshnikov (STL)
2 - Patrik Berglund (STL)
3 - Ryan Nugent-Hopkins (BUF)

Power Play

St-Louis Blues - 0 on 1 Attempt(s) - 0.00%
Buffalo Sabres - 0 on 4 Attempt(s) - 0.00%

Penalty Kill

St-Louis Blues - 4 on 4 Attempt(s) - 100.00% - Score 1 goal in Penalty Kill
Buffalo Sabres - 1 on 1 Attempt(s) - 100.00% - Score 0 goal in Penalty Kill

Team Stat

St-Louis Blues - Hits : 35 - Faceoff Wins : 40 - Blocked Shots : 12 - Penalty Minutes : 8
Buffalo Sabres - Hits : 23 - Faceoff Wins : 22 - Blocked Shots : 7 - Penalty Minutes : 2

Official

Referees : Tom Kowal and Tom Chmielewski
Linesman : Vaughan Rody and Matt MacPherson

Game Notes

2:52 of 3rd period - Buffalo Sabres goal is going for a video replay. After video review, Goal.

Finance

Level 1 -- Attendance: 9233 (92.33%) -- Ticket Income fr. 738'640
Level 2 -- Attendance: 1525 (76.25%) -- Ticket Income fr. 99'125
Level 3 -- Attendance: 2605 (74.43%) -- Ticket Income fr. 91'175
Level 4 -- Attendance: 1402 (96.69%) -- Ticket Income fr. 28'040
Luxury Box -- Attendance: 46 (92.00%) -- Ticket Income fr. 9'200
Game was played at the KeyBank Center.
Total Attendance: 14811 (87.12%)
Total Ticket Income: fr. 966'180
Total Income: fr. 966'180

St-Louis Blues

5 vs 5 Forward 
   Center                   Left Wing                Right Wing               Time % Phy DF OF 
 1 Paul Stastny             Jaden Schwartz           Vladimir Sobotka         28     0   0  5  
 2 Patrik Berglund          Nikita Soshnikov         J.T. Compher             28     0   1  4  
 3 Kyle Brodziak            Scottie Upshall          Dmitrij Jaskin           24     1   3  1  
 4 Jacob Josefson           Sammy Blais              Chris Stewart            20     1   2  2  

5 vs 5 Defense 
   Defense                  Defense                                           Time % Phy DF OF 
 1 Alex Pietrangelo         Carl Gunnarsson                                   30     1   1  3  
 2 Paul LaDue               Jamie Oleksiak                                    30     1   1  3  
 3 Robert Bortuzzo          Vince Dunn                                        20     1   3  1  
 4 Paul LaDue               Jamie Oleksiak                                    20     0   3  2  

PowerPlay Forward 
   Center                   Left Wing                Right Wing               Time % Phy DF OF 
 1 Paul Stastny             Jaden Schwartz           Patrik Berglund          60     0   0  5  
 2 Kyle Brodziak            Vladimir Sobotka         Nikita Soshnikov         40     1   0  4  

PowerPlay Defense
   Defense                  Defense                                           Time % Phy DF OF 
 1 Vince Dunn               Alex Pietrangelo                                  50     1   0  4  
 2 Carl Gunnarsson          Paul LaDue                                        50     1   1  3  

Penalty Kill 4 Players Forward 
   Center                   Wing                     Time % Phy DF OF 
 1 Jacob Josefson           Chris Stewart            60     1   4  0  
 2 Vladimir Sobotka         Jaden Schwartz           40     2   3  0  

Penalty Kill 4 Players Defense
   Defense                  Defense                  Time % Phy DF OF 
 1 Robert Bortuzzo          Jamie Oleksiak           50     2   3  0  
 2 Carl Gunnarsson          Vince Dunn               50     1   4  0  

Penalty Kill - 3 Players Forward 
   Forward                                           Time % Phy DF OF 
 1 Scottie Upshall                                   50     0   5  0  
 2 Dmitrij Jaskin                                    50     1   4  0  

Penalty Kill - 3 Players Defense
   Defense                  Defense                  Time % Phy DF OF 
 1 Robert Bortuzzo          Alex Pietrangelo         50     2   3  0  
 2 Paul LaDue               Jamie Oleksiak           50     1   4  0  

4 vs 4 Forward 
   Center                   Wing                     Time % Phy DF OF 
 1 Paul Stastny             Sammy Blais              60     1   2  2  
 2 Kyle Brodziak            Chris Stewart            40     0   2  3  

4 vs 4 Defense
   Defense                  Defense                  Time % Phy DF OF 
 1 Paul LaDue               Robert Bortuzzo          60     1   2  2  
 2 Carl Gunnarsson          Vince Dunn               40     1   2  2  

Last Minutes Offensive
   Center                   Left Wing                Right Wing               Defense                  Defense                  
   Paul Stastny             Jaden Schwartz           J.T. Compher             Paul LaDue               Alex Pietrangelo         

Last Minutes Defensive
   Center                   Left Wing                Right Wing               Defense                  Defense                  
   Jacob Josefson           Scottie Upshall          Chris Stewart            Carl Gunnarsson          Robert Bortuzzo          

Goaltenders
Starting : Alex Stalock             
Backup : Thomas Greiss            

Extra Forwards
Normal : Nikita Soshnikov, Dmitrij Jaskin, Paul Stastny - PP : Sammy Blais, Jacob Josefson - PK : Jaden Schwartz
Extra Defensemen
Normal : Vince Dunn, Carl Gunnarsson, Alex Pietrangelo - PP : Vince Dunn - PK : Carl Gunnarsson, Jamie Oleksiak
Penalty Shots
Paul Stastny, Jaden Schwartz, Chris Stewart, Vladimir Sobotka, J.T. Compher
Custom OT Lines Forwards
Jaden Schwartz, J.T. Compher, Paul Stastny, Vladimir Sobotka, Kyle Brodziak, Dmitrij Jaskin, Nikita Soshnikov, Sammy Blais, Scottie Upshall, Jacob Josefson
Custom OT Lines Defensemen
Robert Bortuzzo, Alex Pietrangelo, Vince Dunn, Carl Gunnarsson, Jamie Oleksiak

Scratches
Ryan Strome (Healthy), Steven Santini (Healthy), Ivan Barbashev (Fractured Bone in Right Hand Injury), Tage Thompson (Lacerated Left Calf Injury)

Buffalo Sabres

5 vs 5 Forward 
   Center                   Left Wing                Right Wing               Time % Phy DF OF 
 1 Ryan Reaves              Ryan Nugent-Hopkins      Justin Bailey            30     1   2  2  
 2 Evan Rodrigues           Marcus Foligno           Jason Pominville         30     1   2  2  
 3 Barclay Goodrow          Ryan Nugent-Hopkins      Curtis Lazar             25     1   2  2  
 4 Zemgus Girgensons        Scott Wilson             Nicolas Deslauriers      15     1   2  2  

5 vs 5 Defense 
   Defense                  Defense                                           Time % Phy DF OF 
 1 Rasmus Ristolainen       Tyler Myers                                       30     1   2  2  
 2 Marco Scandella          Jake McCabe                                       30     1   2  2  
 3 Dmitry Kulikov           Casey Nelson                                      25     1   2  2  
 4 Rasmus Ristolainen       Tyler Myers                                       15     1   2  2  

PowerPlay Forward 
   Center                   Left Wing                Right Wing               Time % Phy DF OF 
 1 Scott Wilson             Ryan Nugent-Hopkins      Ryan Reaves              50     1   2  2  
 2 Evan Rodrigues           Marcus Foligno           Zemgus Girgensons        50     1   2  2  

PowerPlay Defense
   Defense                  Defense                                           Time % Phy DF OF 
 1 Rasmus Ristolainen       Tyler Myers                                       50     1   2  2  
 2 Marco Scandella          Jake McCabe                                       50     1   2  2  

Penalty Kill 4 Players Forward 
   Center                   Wing                     Time % Phy DF OF 
 1 Zemgus Girgensons        Ryan Nugent-Hopkins      50     1   2  2  
 2 Evan Rodrigues           Marcus Foligno           50     1   2  2  

Penalty Kill 4 Players Defense
   Defense                  Defense                  Time % Phy DF OF 
 1 Rasmus Ristolainen       Tyler Myers              50     1   2  2  
 2 Marco Scandella          Jake McCabe              50     1   2  2  

Penalty Kill - 3 Players Forward 
   Forward                                           Time % Phy DF OF 
 1 Evan Rodrigues                                    50     1   2  2  
 2 Ryan Nugent-Hopkins                               50     1   2  2  

Penalty Kill - 3 Players Defense
   Defense                  Defense                  Time % Phy DF OF 
 1 Rasmus Ristolainen       Tyler Myers              50     1   2  2  
 2 Marco Scandella          Jake McCabe              50     1   2  2  

4 vs 4 Forward 
   Center                   Wing                     Time % Phy DF OF 
 1 Zemgus Girgensons        Ryan Nugent-Hopkins      50     1   2  2  
 2 Scott Wilson             Evan Rodrigues           50     1   2  2  

4 vs 4 Defense
   Defense                  Defense                  Time % Phy DF OF 
 1 Rasmus Ristolainen       Tyler Myers              50     1   2  2  
 2 Marco Scandella          Jake McCabe              50     1   2  2  

Last Minutes Offensive
   Center                   Left Wing                Right Wing               Defense                  Defense                  
   Ryan Reaves              Ryan Nugent-Hopkins      Justin Bailey            Rasmus Ristolainen       Tyler Myers              

Last Minutes Defensive
   Center                   Left Wing                Right Wing               Defense                  Defense                  
   Ryan Reaves              Ryan Nugent-Hopkins      Justin Bailey            Rasmus Ristolainen       Tyler Myers              

Goaltenders
Starting : Chad Johnson             
Backup : Robin Lehner             

Extra Forwards
Normal : Scott Wilson, Ryan Nugent-Hopkins, Zemgus Girgensons - PP : Scott Wilson, Ryan Nugent-Hopkins - PK : Zemgus Girgensons
Extra Defensemen
Normal : Dmitry Kulikov, Casey Nelson, Marco Scandella - PP : Dmitry Kulikov - PK : Casey Nelson, Marco Scandella
Penalty Shots
Scott Wilson, Ryan Nugent-Hopkins, Marcus Foligno, Zemgus Girgensons, Evan Rodrigues
Custom OT Lines Forwards
Justin Bailey, Ryan Nugent-Hopkins, Scott Wilson, Ryan Reaves, Evan Rodrigues, Marcus Foligno, Jason Pominville, Zemgus Girgensons, Barclay Goodrow, Curtis Lazar
Custom OT Lines Defensemen
Rasmus Ristolainen, Tyler Myers, Marco Scandella, Jake McCabe, Dmitry Kulikov

Scratches
Daniel Carr (Back Spasms Injury), Jesper Fast (Exhaustion), John Tavares (Exhaustion)

% Time on Ice - St-Louis Blues

Lines # - Real PCT - Wanted PCT - Time Play
Normal Forward
1 - 31% - 28% - 15:19
2 - 28% - 28% - 14:11
3 - 23% - 24% - 11:34
4 - 18% - 20% - 9:01
Normal Defense
1 - 35% - 30% - 17:39
2 - 25% - 30% - 12:32
3 - 26% - 20% - 13:07
4 - 14% - 20% - 6:47
PP Forward
1 - 57% - 60% - 1:08
2 - 43% - 40% - 0:51
PP Defense
1 - 53% - 50% - 1:03
2 - 47% - 50% - 0:56
PK Forward
1 - 81% - 60% - 6:24
2 - 19% - 40% - 1:32
PK Defense
1 - 50% - 50% - 3:57
2 - 50% - 50% - 3:59
PK3 Forward
1 - 0% - 50%
2 - 0% - 50%
PK3 Defense
1 - 0% - 50%
2 - 0% - 50%
44 Forward
1 - 0% - 60%
2 - 0% - 40%
44 Defense
1 - 0% - 60%
2 - 0% - 40%
Last Minute Offensive  - 0:00
Last Minute Defensive  - 0:00
Total
Forward - 60:00
Defense - 60:00

% Time on Ice - Buffalo Sabres

Lines # - Real PCT - Wanted PCT - Time Play
Normal Forward
1 - 26% - 30% - 13:08
2 - 32% - 30% - 16:12
3 - 18% - 25% - 8:54
4 - 24% - 15% - 11:51
Normal Defense
1 - 29% - 30% - 14:37
2 - 31% - 30% - 15:41
3 - 28% - 25% - 13:52
4 - 12% - 15% - 5:55
PP Forward
1 - 48% - 50% - 3:50
2 - 52% - 50% - 4:06
PP Defense
1 - 57% - 50% - 4:30
2 - 43% - 50% - 3:26
PK Forward
1 - 46% - 50% - 0:55
2 - 54% - 50% - 1:04
PK Defense
1 - 66% - 50% - 1:18
2 - 34% - 50% - 0:41
PK3 Forward
1 - 0% - 50%
2 - 0% - 50%
PK3 Defense
1 - 0% - 50%
2 - 0% - 50%
44 Forward
1 - 0% - 50%
2 - 0% - 50%
44 Defense
1 - 0% - 50%
2 - 0% - 50%
Last Minute Offensive  - 0:00
Last Minute Defensive  - 0:00
Total
Forward - 60:00
Defense - 60:00

Play-by-Play

1st period


0:01 of 1st period - Paul Stastny wins face-off versus Ryan Reaves in neutral zone.
0:05 of 1st period - Off-side.
0:06 of 1st period - Paul Stastny wins face-off versus Ryan Reaves in neutral zone.
0:06 of 1st period - Paul Stastny is hit by Ryan Reaves.
0:31 of 1st period - Jaden Schwartz is hit by Nicolas Deslauriers and loses puck.
0:54 of 1st period - Snap shot by Patrik Berglund.
0:54 of 1st period - Deflect By J.T. Compher.
0:54 of 1st period - Stopped by Chad Johnson without a rebound.
0:55 of 1st period - Patrik Berglund wins face-off versus Evan Rodrigues in Buffalo Sabres zone.
0:58 of 1st period - Snap shot by Patrik Berglund.
0:58 of 1st period - Stopped by Chad Johnson with a rebound.
1:02 of 1st period - Snap shot by J.T. Compher.
1:02 of 1st period - Stopped by Chad Johnson with a rebound.
1:04 of 1st period - Snap shot by Nikita Soshnikov.
1:04 of 1st period - Stopped by Chad Johnson without a rebound.
1:05 of 1st period - Barclay Goodrow wins face-off versus Kyle Brodziak in Buffalo Sabres zone.
1:30 of 1st period - Kyle Brodziak is hit by Scott Wilson.
5:01 of 1st period - Rasmus Ristolainen is hit by Vladimir Sobotka and loses puck.
5:12 of 1st period - Robert Bortuzzo is hit by Marcus Foligno and loses puck.
5:59 of 1st period - Jason Pominville is hit by Paul Stastny.
6:35 of 1st period - Patrik Berglund is hit by Marco Scandella and loses puck.
6:52 of 1st period - Jake McCabe is hit by Scottie Upshall and loses puck.
6:59 of 1st period - Kyle Brodziak is hit by Zemgus Girgensons and loses puck.
7:06 of 1st period - Nicolas Deslauriers is hit by Jamie Oleksiak and loses puck.
7:19 of 1st period - Vladimir Sobotka is hit by Ryan Nugent-Hopkins and loses puck.
7:41 of 1st period - Icing by Jamie Oleksiak.
7:42 of 1st period - Ryan Reaves wins face-off versus Jacob Josefson in St-Louis Blues zone.
7:51 of 1st period - Snap shot by Paul LaDue.
7:51 of 1st period - Stopped by Chad Johnson with a rebound.
7:53 of 1st period - Slapshot by Sammy Blais.
7:53 of 1st period - Shot Blocked by Casey Nelson.
7:55 of 1st period - Slapshot by Jamie Oleksiak.
7:55 of 1st period - Shot Misses the Net.
7:57 of 1st period - Slapshot by Paul LaDue.
7:57 of 1st period - Stopped by Chad Johnson without a rebound.
7:58 of 1st period - Patrik Berglund wins face-off versus Jason Pominville in Buffalo Sabres zone.
8:07 of 1st period - Snap shot by J.T. Compher.
8:07 of 1st period - Stopped by Chad Johnson without a rebound.
8:08 of 1st period - Patrik Berglund wins face-off versus Barclay Goodrow in Buffalo Sabres zone.
8:17 of 1st period - Tyler Myers is hit by Nikita Soshnikov and loses puck.
8:53 of 1st period - Snap shot by Nicolas Deslauriers.
8:53 of 1st period - Shot Misses the Net.
8:55 of 1st period - Slapshot by Zemgus Girgensons.
8:55 of 1st period - Shot Misses the Net.
8:57 of 1st period - Wrist shot by Tyler Myers.
8:57 of 1st period - Stopped by Alex Stalock with a rebound.
8:59 of 1st period - Snap shot by Scott Wilson.
8:59 of 1st period - Shot Misses the Net.
9:01 of 1st period - Wrist shot by Scott Wilson.
9:01 of 1st period - Shot Hit the Post.
9:21 of 1st period - Snap shot by Justin Bailey.
9:21 of 1st period - Stopped by Alex Stalock with a rebound.
9:28 of 1st period - Icing by Jacob Josefson.
9:29 of 1st period - Barclay Goodrow wins face-off versus Patrik Berglund in St-Louis Blues zone.
9:32 of 1st period - Snap shot by Ryan Nugent-Hopkins.
9:32 of 1st period - Stopped by Alex Stalock without a rebound.
9:33 of 1st period - Patrik Berglund wins face-off versus Barclay Goodrow in St-Louis Blues zone.
10:10 of 1st period - Snap shot by J.T. Compher.
10:10 of 1st period - Shot Misses the Net.
10:40 of 1st period - Kyle Brodziak is hit by Marcus Foligno and loses puck.
10:47 of 1st period - Snap shot by Evan Rodrigues.
10:47 of 1st period - Shot Misses the Net.
10:49 of 1st period - Wrist shot by Marcus Foligno.
10:49 of 1st period - Shot Misses the Net.
11:01 of 1st period - Wrist shot by Ryan Nugent-Hopkins.
11:01 of 1st period - Stopped by Alex Stalock without a rebound.
11:02 of 1st period - Barclay Goodrow wins face-off versus Jaden Schwartz in St-Louis Blues zone.
11:03 of 1st period - Wrist shot by Ryan Nugent-Hopkins.
11:03 of 1st period - Goal by Ryan Nugent-Hopkins - St-Louis Blues : 0 - Buffalo Sabres : 1.
11:04 of 1st period - Ryan Reaves wins face-off versus Paul Stastny in neutral zone.
11:29 of 1st period - Tyler Myers is hit by Scottie Upshall and loses puck.
12:16 of 1st period - Backhand shot by Rasmus Ristolainen.
12:16 of 1st period - Shot Blocked by Paul LaDue.
12:18 of 1st period - Slapshot by Barclay Goodrow.
12:18 of 1st period - Shot Blocked by Paul LaDue.
13:10 of 1st period - Minor Penalty to Robert Bortuzzo for High sticking.
13:11 of 1st period - Evan Rodrigues wins face-off versus Jacob Josefson in St-Louis Blues zone.
13:11 of 1st period - Wrist shot by Marcus Foligno.
13:11 of 1st period - Shot Misses the Net.
13:13 of 1st period - Wrist shot by Evan Rodrigues.
13:13 of 1st period - Shot Blocked by Vince Dunn.
13:17 of 1st period - Wrist shot by Evan Rodrigues.
13:17 of 1st period - Deflect By Jacob Josefson.
13:17 of 1st period - Shot Blocked by Carl Gunnarsson.
13:17 of 1st period - Puck is out of play.
13:18 of 1st period - Jacob Josefson wins face-off versus Evan Rodrigues in St-Louis Blues zone.
13:31 of 1st period - Slapshot by Marcus Foligno.
13:31 of 1st period - Stopped by Alex Stalock without a rebound.
13:32 of 1st period - Jacob Josefson wins face-off versus Scott Wilson in St-Louis Blues zone.
15:10 of 1st period - Penalty to Robert Bortuzzo is over, Robert Bortuzzo is back on ice.
17:19 of 1st period - Jason Pominville is hit by Chris Stewart and loses puck.
18:06 of 1st period - Carl Gunnarsson is hit by Curtis Lazar and loses puck.
18:17 of 1st period - Scott Wilson is hit by Scottie Upshall and loses puck.
18:55 of 1st period - Jake McCabe is hit by Vladimir Sobotka.
19:17 of 1st period - Chris Stewart is hit by Barclay Goodrow and loses puck.
19:46 of 1st period - Scott Wilson is hit by Patrik Berglund and loses puck.
19:55 of 1st period - Nicolas Deslauriers is hit by Patrik Berglund and loses puck.
Goals for this period are 0 for St-Louis Blues vs 1 for Buffalo Sabres.
Shots for this period are 7 for St-Louis Blues vs 6 for Buffalo Sabres.

2nd period


0:01 of 2nd period - Ryan Reaves wins face-off versus Paul Stastny in neutral zone.
0:24 of 2nd period - Rasmus Ristolainen is hit by Scottie Upshall and loses puck.
0:33 of 2nd period - Snap shot by Scottie Upshall.
0:33 of 2nd period - Stopped by Chad Johnson with a rebound.
0:45 of 2nd period - Slapshot by Alex Pietrangelo.
0:45 of 2nd period - Shot Misses the Net.
0:47 of 2nd period - Slapshot by Alex Pietrangelo.
0:47 of 2nd period - Shot Blocked by Tyler Myers.
0:49 of 2nd period - Slapshot by Vince Dunn.
0:49 of 2nd period - Stopped by Chad Johnson with a rebound.
1:39 of 2nd period - Wrist shot by Kyle Brodziak.
1:39 of 2nd period - Deflect By Scottie Upshall.
1:39 of 2nd period - Stopped by Chad Johnson without a rebound.
1:40 of 2nd period - Paul Stastny wins face-off versus Nicolas Deslauriers in Buffalo Sabres zone.
1:41 of 2nd period - Wrist shot by Jaden Schwartz.
1:41 of 2nd period - Stopped by Chad Johnson with a rebound.
1:43 of 2nd period - Wrist shot by Paul Stastny.
1:43 of 2nd period - Deflect By Zemgus Girgensons.
1:43 of 2nd period - Stopped by Chad Johnson with a rebound.
2:28 of 2nd period - Slapshot by Alex Pietrangelo.
2:28 of 2nd period - Stopped by Chad Johnson with a rebound.
3:24 of 2nd period - Wrist shot by Patrik Berglund.
3:24 of 2nd period - Shot Misses the Net.
4:21 of 2nd period - Slapshot by Barclay Goodrow.
4:21 of 2nd period - Stopped by Alex Stalock without a rebound.
4:22 of 2nd period - Vladimir Sobotka wins face-off versus Barclay Goodrow in St-Louis Blues zone.
4:33 of 2nd period - Snap shot by Paul Stastny.
4:33 of 2nd period - Shot Misses the Net.
4:35 of 2nd period - Wrist shot by Jamie Oleksiak.
4:35 of 2nd period - Stopped by Chad Johnson with a rebound.
4:37 of 2nd period - Wrist shot by Vladimir Sobotka.
4:37 of 2nd period - Shot Misses the Net.
4:54 of 2nd period - Backhand shot by Patrik Berglund.
4:54 of 2nd period - Goal by Patrik Berglund - St-Louis Blues : 1 - Buffalo Sabres : 1.
4:55 of 2nd period - Jaden Schwartz wins face-off versus Evan Rodrigues in neutral zone.
4:58 of 2nd period - Tyler Myers is hit by Jamie Oleksiak and loses puck.
5:07 of 2nd period - Wrist shot by Marcus Foligno.
5:07 of 2nd period - Shot Misses the Net.
5:19 of 2nd period - Paul Stastny is hit by Barclay Goodrow and loses puck.
5:24 of 2nd period - Snap shot by Ryan Nugent-Hopkins.
5:24 of 2nd period - Stopped by Alex Stalock with a rebound.
5:26 of 2nd period - Backhand shot by Curtis Lazar.
5:26 of 2nd period - Stopped by Alex Stalock without a rebound.
5:27 of 2nd period - Patrik Berglund wins face-off versus Ryan Reaves in St-Louis Blues zone.
5:32 of 2nd period - Backhand shot by Alex Pietrangelo.
5:32 of 2nd period - Stopped by Chad Johnson with a rebound.
5:54 of 2nd period - Marco Scandella is hit by Scottie Upshall and loses puck.
6:17 of 2nd period - Snap shot by Zemgus Girgensons.
6:17 of 2nd period - Stopped by Alex Stalock without a rebound.
6:18 of 2nd period - Patrik Berglund wins face-off versus Zemgus Girgensons in St-Louis Blues zone.
6:31 of 2nd period - Snap shot by J.T. Compher.
6:31 of 2nd period - Stopped by Chad Johnson without a rebound.
6:32 of 2nd period - Paul Stastny wins face-off versus Ryan Reaves in Buffalo Sabres zone.
6:43 of 2nd period - Wrist shot by Ryan Nugent-Hopkins.
6:43 of 2nd period - Shot Misses the Net.
7:06 of 2nd period - Nikita Soshnikov is hit by Ryan Nugent-Hopkins and loses puck.
8:04 of 2nd period - Wrist shot by Evan Rodrigues.
8:04 of 2nd period - Stopped by Alex Stalock without a rebound.
8:05 of 2nd period - Jacob Josefson wins face-off versus Zemgus Girgensons in St-Louis Blues zone.
8:14 of 2nd period - Wrist shot by Chris Stewart.
8:14 of 2nd period - Stopped by Chad Johnson without a rebound.
8:15 of 2nd period - Patrik Berglund wins face-off versus Zemgus Girgensons in Buffalo Sabres zone.
8:16 of 2nd period - Wrist shot by J.T. Compher.
8:16 of 2nd period - Shot Misses the Net.
8:18 of 2nd period - Slapshot by Nikita Soshnikov.
8:18 of 2nd period - Deflect By J.T. Compher.
8:18 of 2nd period - Shot Misses the Net.
8:18 of 2nd period - Puck is out of play.
8:19 of 2nd period - Patrik Berglund wins face-off versus Barclay Goodrow in Buffalo Sabres zone.
8:30 of 2nd period - Snap shot by Ryan Nugent-Hopkins.
8:30 of 2nd period - Shot Misses the Net.
8:32 of 2nd period - Slapshot by Barclay Goodrow.
8:32 of 2nd period - Stopped by Alex Stalock without a rebound.
8:33 of 2nd period - Ryan Reaves wins face-off versus Kyle Brodziak in St-Louis Blues zone.
9:19 of 2nd period - Snap shot by J.T. Compher.
9:19 of 2nd period - Stopped by Chad Johnson without a rebound.
9:20 of 2nd period - Zemgus Girgensons wins face-off versus Patrik Berglund in Buffalo Sabres zone.
9:35 of 2nd period - Rasmus Ristolainen is hit by Nikita Soshnikov and loses puck.
9:57 of 2nd period - Snap shot by Zemgus Girgensons.
9:57 of 2nd period - Shot Misses the Net.
10:03 of 2nd period - Wrist shot by J.T. Compher.
10:03 of 2nd period - Stopped by Chad Johnson with a rebound.
10:05 of 2nd period - Slapshot by Jamie Oleksiak.
10:05 of 2nd period - Stopped by Chad Johnson without a rebound.
10:06 of 2nd period - Paul Stastny wins face-off versus Ryan Reaves in Buffalo Sabres zone.
10:21 of 2nd period - Snap shot by Jaden Schwartz.
10:21 of 2nd period - Deflect By Vladimir Sobotka.
10:21 of 2nd period - Stopped by Chad Johnson with a rebound.
10:39 of 2nd period - Icing by Marco Scandella.
10:40 of 2nd period - Evan Rodrigues wins face-off versus Jacob Josefson in Buffalo Sabres zone.
10:40 of 2nd period - Evan Rodrigues is hit by Jacob Josefson.
10:46 of 2nd period - Wrist shot by Marcus Foligno.
10:46 of 2nd period - Shot Misses the Net.
10:51 of 2nd period - Minor Penalty to Chris Stewart for High sticking.
10:52 of 2nd period - Jacob Josefson wins face-off versus Scott Wilson in St-Louis Blues zone.
10:52 of 2nd period - Jacob Josefson is hit by Ryan Reaves.
11:01 of 2nd period - Wrist shot by Rasmus Ristolainen.
11:01 of 2nd period - Shot Blocked by Robert Bortuzzo.
11:03 of 2nd period - Snap shot by Scott Wilson.
11:03 of 2nd period - Stopped by Alex Stalock without a rebound.
11:04 of 2nd period - Jacob Josefson wins face-off versus Scott Wilson in St-Louis Blues zone.
11:13 of 2nd period - Carl Gunnarsson is hit by Ryan Reaves and loses puck.
11:30 of 2nd period - Marco Scandella is hit by Dmitrij Jaskin and loses puck.
11:43 of 2nd period - Icing by Evan Rodrigues.
11:44 of 2nd period - Jaden Schwartz wins face-off versus Evan Rodrigues in Buffalo Sabres zone.
11:49 of 2nd period - Slapshot by Jaden Schwartz.
11:49 of 2nd period - Goal by Jaden Schwartz - St-Louis Blues : 2 - Buffalo Sabres : 1.
11:50 of 2nd period - Jacob Josefson wins face-off versus Scott Wilson in neutral zone.
11:52 of 2nd period - Off-side.
11:53 of 2nd period - Scott Wilson wins face-off versus Jacob Josefson in neutral zone.
11:56 of 2nd period - Snap shot by Tyler Myers.
11:56 of 2nd period - Stopped by Alex Stalock without a rebound.
11:57 of 2nd period - Jacob Josefson wins face-off versus Scott Wilson in St-Louis Blues zone.
12:02 of 2nd period - Wrist shot by Ryan Nugent-Hopkins.
12:02 of 2nd period - Shot Misses the Net.
12:04 of 2nd period - Snap shot by Scott Wilson.
12:04 of 2nd period - Stopped by Alex Stalock without a rebound.
12:05 of 2nd period - Evan Rodrigues wins face-off versus Jacob Josefson in St-Louis Blues zone.
12:06 of 2nd period - Slapshot by Zemgus Girgensons.
12:06 of 2nd period - Stopped by Alex Stalock with a rebound.
12:08 of 2nd period - Snap shot by Marcus Foligno.
12:08 of 2nd period - Deflect By Robert Bortuzzo.
12:08 of 2nd period - Stopped by Alex Stalock with a rebound.
12:10 of 2nd period - Wrist shot by Evan Rodrigues.
12:10 of 2nd period - Shot Blocked by Jamie Oleksiak.
12:51 of 2nd period - Penalty to Chris Stewart is over, Chris Stewart is back on ice.
13:08 of 2nd period - Alex Pietrangelo is hit by Tyler Myers and loses puck.
13:12 of 2nd period - Icing by Alex Pietrangelo.
13:13 of 2nd period - Nikita Soshnikov wins face-off versus Ryan Reaves in St-Louis Blues zone.
13:13 of 2nd period - Nikita Soshnikov is hit by Justin Bailey.
13:19 of 2nd period - Slapshot by Alex Pietrangelo.
13:19 of 2nd period - Shot Blocked by Ryan Nugent-Hopkins.
13:35 of 2nd period - Patrik Berglund is hit by Marco Scandella and loses puck.
13:50 of 2nd period - Wrist shot by Scott Wilson.
13:50 of 2nd period - Shot Blocked by Carl Gunnarsson.
13:52 of 2nd period - Snap shot by Nicolas Deslauriers.
13:52 of 2nd period - Stopped by Alex Stalock without a rebound.
13:53 of 2nd period - Barclay Goodrow wins face-off versus Kyle Brodziak in St-Louis Blues zone.
15:35 of 2nd period - Curtis Lazar is hit by Carl Gunnarsson and loses puck.
16:05 of 2nd period - Slapshot by Alex Pietrangelo.
16:05 of 2nd period - Stopped by Chad Johnson with a rebound.
16:21 of 2nd period - Snap shot by Vladimir Sobotka.
16:21 of 2nd period - Shot Misses the Net.
16:23 of 2nd period - Snap shot by Vladimir Sobotka.
16:23 of 2nd period - Shot Misses the Net.
16:25 of 2nd period - Wrist shot by Jaden Schwartz.
16:25 of 2nd period - Stopped by Chad Johnson without a rebound.
16:26 of 2nd period - Evan Rodrigues wins face-off versus Jacob Josefson in Buffalo Sabres zone.
16:51 of 2nd period - Robert Bortuzzo is hit by Jake McCabe and loses puck.
17:16 of 2nd period - Casey Nelson is hit by Dmitrij Jaskin.
17:34 of 2nd period - Wrist shot by Patrik Berglund.
17:34 of 2nd period - Shot Misses the Net.
17:36 of 2nd period - Snap shot by J.T. Compher.
17:36 of 2nd period - Shot Misses the Net.
17:38 of 2nd period - Wrist shot by Patrik Berglund.
17:38 of 2nd period - Deflect By Nikita Soshnikov.
17:38 of 2nd period - Shot Misses the Net.
17:38 of 2nd period - Puck is out of play.
17:39 of 2nd period - Nicolas Deslauriers wins face-off versus Paul Stastny in Buffalo Sabres zone.
18:04 of 2nd period - Tyler Myers is hit by Paul LaDue.
18:10 of 2nd period - Backhand shot by Marcus Foligno.
18:10 of 2nd period - Shot Misses the Net.
18:12 of 2nd period - Snap shot by Marcus Foligno.
18:12 of 2nd period - Shot Blocked by Scottie Upshall.
18:14 of 2nd period - Wrist shot by Jason Pominville.
18:14 of 2nd period - Shot Misses the Net.
18:36 of 2nd period - Ryan Nugent-Hopkins is hit by Patrik Berglund and loses puck.
18:55 of 2nd period - Wrist shot by Sammy Blais.
18:55 of 2nd period - Shot Misses the Net.
19:19 of 2nd period - Icing by Alex Pietrangelo.
19:20 of 2nd period - Kyle Brodziak wins face-off versus Zemgus Girgensons in St-Louis Blues zone.
19:31 of 2nd period - Snap shot by Scottie Upshall.
19:31 of 2nd period - Shot Blocked by Tyler Myers.
19:49 of 2nd period - Wrist shot by Scott Wilson.
19:49 of 2nd period - Shot Misses the Net.
Goals for this period are 2 for St-Louis Blues vs 0 for Buffalo Sabres.
Shots for this period are 18 for St-Louis Blues vs 12 for Buffalo Sabres.

3rd period


0:01 of 3rd period - Jacob Josefson wins face-off versus Ryan Reaves in neutral zone.
0:04 of 3rd period - Tyler Myers is hit by Paul LaDue and loses puck.
0:15 of 3rd period - Snap shot by Sammy Blais.
0:15 of 3rd period - Shot Blocked by Ryan Reaves.
0:21 of 3rd period - Minor Penalty to Justin Bailey for Tripping.
0:22 of 3rd period - Zemgus Girgensons wins face-off versus Paul Stastny in Buffalo Sabres zone.
0:31 of 3rd period - Marcus Foligno is hit by Patrik Berglund and loses puck.
0:52 of 3rd period - Wrist shot by Ryan Nugent-Hopkins.
0:52 of 3rd period - Stopped by Alex Stalock without a rebound.
0:53 of 3rd period - Paul Stastny wins face-off versus Zemgus Girgensons in St-Louis Blues zone.
1:26 of 3rd period - Slapshot by Kyle Brodziak.
1:26 of 3rd period - Shot Blocked by Marcus Foligno.
2:12 of 3rd period - Tyler Myers is hit by Paul Stastny and loses puck.
2:21 of 3rd period - Penalty to Justin Bailey is over, Justin Bailey is back on ice.
2:23 of 3rd period - Paul LaDue is hit by Ryan Nugent-Hopkins and loses puck.
2:32 of 3rd period - Justin Bailey is hit by Vladimir Sobotka and loses puck.
2:45 of 3rd period - Jacob Josefson is hit by Scott Wilson and loses puck.
2:50 of 3rd period - Slapshot by Tyler Myers.
2:50 of 3rd period - Stopped by Alex Stalock with a rebound.
2:52 of 3rd period - Wrist shot by Scott Wilson.
2:52 of 3rd period - Buffalo Sabres goal is going for a video replay.
2:52 of 3rd period - The goal is good.
2:52 of 3rd period - Goal by Scott Wilson - St-Louis Blues : 2 - Buffalo Sabres : 2.
2:53 of 3rd period - Evan Rodrigues wins face-off versus Jacob Josefson in neutral zone.
3:04 of 3rd period - Wrist shot by Marcus Foligno.
3:04 of 3rd period - Stopped by Alex Stalock with a rebound.
3:06 of 3rd period - Slapshot by Marcus Foligno.
3:06 of 3rd period - Stopped by Alex Stalock without a rebound.
3:07 of 3rd period - Paul Stastny wins face-off versus Ryan Reaves in St-Louis Blues zone.
3:36 of 3rd period - Slapshot by Evan Rodrigues.
3:36 of 3rd period - Stopped by Alex Stalock with a rebound.
4:25 of 3rd period - Curtis Lazar is hit by Vladimir Sobotka and loses puck.
4:38 of 3rd period - Snap shot by Rasmus Ristolainen.
4:38 of 3rd period - Stopped by Alex Stalock with a rebound.
4:44 of 3rd period - Snap shot by Sammy Blais.
4:44 of 3rd period - Deflect By Jacob Josefson.
4:44 of 3rd period - Stopped by Chad Johnson with a rebound.
5:04 of 3rd period - Wrist shot by Kyle Brodziak.
5:04 of 3rd period - Deflect By Rasmus Ristolainen.
5:04 of 3rd period - Shot Misses the Net.
5:04 of 3rd period - Puck is out of play.
5:05 of 3rd period - Zemgus Girgensons wins face-off versus Patrik Berglund in Buffalo Sabres zone.
5:20 of 3rd period - Zemgus Girgensons is hit by Nikita Soshnikov and loses puck.
5:36 of 3rd period - Scottie Upshall is hit by Ryan Nugent-Hopkins and loses puck.
5:48 of 3rd period - Icing by Carl Gunnarsson.
5:49 of 3rd period - Barclay Goodrow wins face-off versus Kyle Brodziak in St-Louis Blues zone.
5:52 of 3rd period - Wrist shot by Evan Rodrigues.
5:52 of 3rd period - Shot Blocked by Alex Pietrangelo.
5:54 of 3rd period - Backhand shot by Jake McCabe.
5:54 of 3rd period - Stopped by Alex Stalock with a rebound.
5:56 of 3rd period - Snap shot by Marco Scandella.
5:56 of 3rd period - Shot Misses the Net.
5:58 of 3rd period - Wrist shot by Marcus Foligno.
5:58 of 3rd period - Stopped by Alex Stalock without a rebound.
5:59 of 3rd period - Paul Stastny wins face-off versus Evan Rodrigues in St-Louis Blues zone.
6:12 of 3rd period - Wrist shot by Paul Stastny.
6:12 of 3rd period - Deflect By Jaden Schwartz.
6:12 of 3rd period - Shot Misses the Net.
6:12 of 3rd period - Puck is out of play.
6:13 of 3rd period - Patrik Berglund wins face-off versus Ryan Reaves in Buffalo Sabres zone.
6:22 of 3rd period - Backhand shot by Patrik Berglund.
6:22 of 3rd period - Stopped by Chad Johnson without a rebound.
6:23 of 3rd period - Patrik Berglund wins face-off versus Ryan Reaves in Buffalo Sabres zone.
6:28 of 3rd period - Snap shot by Patrik Berglund.
6:28 of 3rd period - Stopped by Chad Johnson without a rebound.
6:29 of 3rd period - Paul Stastny wins face-off versus Barclay Goodrow in Buffalo Sabres zone.
6:32 of 3rd period - Snap shot by Paul Stastny.
6:32 of 3rd period - Shot Misses the Net.
6:35 of 3rd period - Icing by Rasmus Ristolainen.
6:36 of 3rd period - Paul Stastny wins face-off versus Barclay Goodrow in Buffalo Sabres zone.
6:37 of 3rd period - Snap shot by Jaden Schwartz.
6:37 of 3rd period - Stopped by Chad Johnson with a rebound.
7:03 of 3rd period - Slapshot by Nicolas Deslauriers.
7:03 of 3rd period - Deflect By Zemgus Girgensons.
7:03 of 3rd period - Stopped by Alex Stalock with a rebound.
7:05 of 3rd period - Minor Penalty to Paul LaDue for Tripping.
7:06 of 3rd period - Chris Stewart wins face-off versus Scott Wilson in St-Louis Blues zone.
9:05 of 3rd period - Penalty to Paul LaDue is over, Paul LaDue is back on ice.
9:39 of 3rd period - Dmitry Kulikov is hit by Paul LaDue and loses puck.
10:01 of 3rd period - Dmitry Kulikov is hit by Vladimir Sobotka.
10:39 of 3rd period - Icing by J.T. Compher.
10:40 of 3rd period - Paul Stastny wins face-off versus Ryan Reaves in St-Louis Blues zone.
11:03 of 3rd period - Wrist shot by Patrik Berglund.
11:03 of 3rd period - Stopped by Chad Johnson without a rebound.
11:04 of 3rd period - Evan Rodrigues wins face-off versus Kyle Brodziak in Buffalo Sabres zone.
11:04 of 3rd period - Evan Rodrigues is hit by Scottie Upshall.
11:10 of 3rd period - Wrist shot by Jake McCabe.
11:10 of 3rd period - Shot Blocked by Vince Dunn.
11:12 of 3rd period - Snap shot by Evan Rodrigues.
11:12 of 3rd period - Shot Blocked by Kyle Brodziak.
11:43 of 3rd period - Jaden Schwartz is hit by Rasmus Ristolainen and loses puck.
12:08 of 3rd period - Backhand shot by Sammy Blais.
12:08 of 3rd period - Stopped by Chad Johnson without a rebound.
12:09 of 3rd period - Kyle Brodziak wins face-off versus Evan Rodrigues in Buffalo Sabres zone.
12:57 of 3rd period - Scott Wilson is hit by Nikita Soshnikov.
13:01 of 3rd period - Snap shot by Nicolas Deslauriers.
13:01 of 3rd period - Shot Blocked by Patrik Berglund.
13:37 of 3rd period - Snap shot by Jason Pominville.
13:37 of 3rd period - Shot Misses the Net.
13:41 of 3rd period - Wrist shot by Jason Pominville.
13:41 of 3rd period - Stopped by Alex Stalock without a rebound.
13:42 of 3rd period - J.T. Compher wins face-off versus Zemgus Girgensons in St-Louis Blues zone.
13:48 of 3rd period - Off-side.
13:49 of 3rd period - Patrik Berglund wins face-off versus Zemgus Girgensons in neutral zone.
13:52 of 3rd period - Nicolas Deslauriers is hit by Nikita Soshnikov and loses puck.
14:53 of 3rd period - Icing by Vladimir Sobotka.
14:54 of 3rd period - Barclay Goodrow wins face-off versus Paul Stastny in St-Louis Blues zone.
14:55 of 3rd period - Wrist shot by Ryan Nugent-Hopkins.
14:55 of 3rd period - Stopped by Alex Stalock without a rebound.
14:56 of 3rd period - Patrik Berglund wins face-off versus Barclay Goodrow in St-Louis Blues zone.
15:02 of 3rd period - Minor Penalty to Paul LaDue for Hooking.
15:03 of 3rd period - Evan Rodrigues wins face-off versus Jacob Josefson in St-Louis Blues zone.
15:04 of 3rd period - Snap shot by Rasmus Ristolainen.
15:04 of 3rd period - Stopped by Alex Stalock with a rebound.
15:06 of 3rd period - Slapshot by Rasmus Ristolainen.
15:06 of 3rd period - Deflect By Evan Rodrigues.
15:06 of 3rd period - Stopped by Alex Stalock with a rebound.
15:35 of 3rd period - Snap shot by Marcus Foligno.
15:35 of 3rd period - Stopped by Alex Stalock with a rebound.
15:47 of 3rd period - Slapshot by Evan Rodrigues.
15:47 of 3rd period - Shot Misses the Net.
16:59 of 3rd period - Robert Bortuzzo is hit by Barclay Goodrow and loses puck.
17:02 of 3rd period - Penalty to Paul LaDue is over, Paul LaDue is back on ice.
17:58 of 3rd period - Jason Pominville is hit by Paul LaDue and loses puck.
18:29 of 3rd period - Nicolas Deslauriers is hit by Nikita Soshnikov and loses puck.
19:26 of 3rd period - Zemgus Girgensons is hit by Nikita Soshnikov and loses puck.
Goals for this period are 0 for St-Louis Blues vs 1 for Buffalo Sabres.
Shots for this period are 6 for St-Louis Blues vs 15 for Buffalo Sabres.

Overtime #1


0:01 of 1st overtime period - J.T. Compher wins face-off versus Ryan Nugent-Hopkins in neutral zone.
0:14 of 1st overtime period - Snap shot by Jaden Schwartz.
0:14 of 1st overtime period - Shot Misses the Net.
0:16 of 1st overtime period - Backhand shot by Jaden Schwartz.
0:16 of 1st overtime period - Shot Blocked by Rasmus Ristolainen.
0:32 of 1st overtime period - Snap shot by Ryan Reaves.
0:32 of 1st overtime period - Shot Misses the Net.
1:23 of 1st overtime period - Snap shot by Nikita Soshnikov.
1:23 of 1st overtime period - Goal by Nikita Soshnikov - St-Louis Blues : 3 - Buffalo Sabres : 2.
Goals for this period are 1 for St-Louis Blues vs 0 for Buffalo Sabres.
Shots for this period are 1 for St-Louis Blues vs 0 for Buffalo Sabres.